Philadelphia Phantoms vs Quebec Remparts
Created - Saturday, November 30, 2024 at 09:21
Goals
|
| Philadelphia Phantoms |
0 |
2 |
1 |
3 |
| Quebec Remparts |
1 |
0 |
0 |
1 |
|
Shots
|
| Philadelphia Phantoms |
13 |
12 |
12 |
37 |
| Quebec Remparts |
9 |
6 |
15 |
30 |
|
1st period
1. Quebec Remparts , Olle Lycksell 14 (Kevin Rooney 53, Hendrix Lapierre 59) at 13:19
Penalties :
Marcus Bjork (PHP) for Charging (Minor) at 17:45
2nd period
2. Philadelphia Phantoms , Jack McBain 37 (Tye Kartye 35, Ryan Johnson 32) at 9:17
3. Philadelphia Phantoms , Luca Del Bel Belluz 8 (James Malatesta 43, Adam Klapka 13) at 10:47
Penalties :
Egor Afanasyev (PHP) for Slashing (Minor) at 3:00
3rd period
4. Philadelphia Phantoms , Jack McBain 38 (Tye Kartye 36, Nick Blankenburg 26) at 14:57
Penalties :
Ethan Del Mastro (QUE) for Fighting (Major) at 2:15, Brandon Duhaime (PHP) for Fighting (Major) at 2:15, David Jiricek (QUE) for Tripping (Minor) at 3:24, Adam Edstrom (QUE) for Hooking (Minor) at 15:19
Goalie Stats
Jake Allen (PHP), 29 saves from 30 shots - (0.967), W, 23-9-1, 60:00 minutes
Joseph Woll (QUE), 34 saves from 37 shots - (0.919), L, 36-13-4, 60:00 minutes
Players Stats for Philadelphia Phantoms
Player Name G A P +/- PIM S H SB GA TA FO MP PP MP PK MP
------------------------------------------------------------------------------------
Adam Klapka 0 1 1 -1 0 1 1 0 0 0 5/12 15:06 0:00 1:26
Alex Steeves 0 0 0 0 0 1 2 0 1 0 1/2 14:21 2:01 0:00
Brandon Duhaime 0 0 0 -1 5 2 0 1 0 1 0/0 14:09 0:00 1:36
Brett Murray 0 0 0 2 0 3 0 0 0 0 0/0 14:02 0:00 0:24
Egor Afanasyev 0 0 0 0 2 2 1 0 0 0 3/9 14:42 2:01 0:13
Jack McBain 2 0 2 2 0 3 3 0 0 0 4/16 17:06 1:57 2:08
James Malatesta 0 1 1 1 0 8 6 0 1 0 0/0 15:05 1:57 0:00
Jaret Anderson-Dolan 0 0 0 -1 0 0 4 0 0 0 0/0 13:35 0:00 0:00
Juuso Parssinen 0 0 0 0 0 0 0 0 1 0 1/2 14:47 2:01 0:17
Louis Crevier 0 0 0 0 0 4 0 2 0 1 0/0 15:16 0:00 0:00
Luca Del Bel Belluz 1 0 1 1 0 2 3 1 1 0 7/11 13:07 0:00 0:00
Marcus Bjork 0 0 0 0 2 2 2 3 0 1 0/0 20:56 1:45 0:54
Nick Blankenburg 0 1 1 2 0 0 3 2 0 0 0/0 23:07 2:13 2:19
Pontus Holmberg 0 0 0 1 0 3 0 0 0 0 1/4 15:28 0:00 1:52
Ryan Johnson 0 1 1 0 0 2 2 3 0 2 0/0 21:37 1:45 1:39
Tye Kartye 0 2 2 2 0 2 1 0 1 0 0/0 14:27 1:57 0:00
Tyler Kleven 0 0 0 0 0 0 3 0 0 1 0/0 16:01 0:00 0:45
William Borgen 0 0 0 2 0 2 2 1 0 0 0/0 23:07 2:13 2:19
Players Stats for Quebec Remparts
Player Name G A P +/- PIM S H SB GA TA FO MP PP MP PK MP
------------------------------------------------------------------------------------
Adam Edstrom 0 0 0 0 2 1 2 1 0 0 1/1 17:47 1:47 0:00
Brandt Clarke 0 0 0 0 0 0 3 0 0 3 0/0 19:28 1:40 1:56
David Jiricek 0 0 0 0 2 0 0 0 1 0 0/0 19:36 1:40 0:55
Ethan Del Mastro 0 0 0 -1 5 0 2 2 0 0 0/0 12:27 0:00 0:00
Hendrix Lapierre 0 1 1 0 0 3 2 1 1 0 10/21 19:16 1:47 1:44
Ivan Ivan 0 0 0 -1 0 1 1 0 0 0 3/5 8:36 0:35 0:00
Jakub Demek 0 0 0 -1 0 1 2 0 0 0 0/0 8:01 0:00 0:00
Jared Davidson 0 0 0 0 0 0 0 0 0 0 0/0 3:29 0:40 0:00
Jordan Spence 0 0 0 -1 0 0 0 3 0 0 0/0 26:28 2:18 2:02
Joshua Roy 0 0 0 -1 0 2 1 0 0 0 0/0 16:49 1:28 0:00
Kevin Rooney 0 1 1 0 0 3 1 0 2 0 5/8 15:24 0:00 2:14
Nick Robertson 0 0 0 0 0 5 1 0 1 0 0/0 17:32 1:47 0:00
Olle Lycksell 1 0 1 0 0 2 1 0 0 0 0/1 12:47 0:08 0:00
Paul Cotter 0 0 0 -1 0 2 1 1 1 1 4/4 19:23 1:28 2:14
Rasmus Kupari 0 0 0 0 0 1 1 1 0 0 0/0 13:09 0:43 0:00
Ryan Shea 0 0 0 -1 0 0 1 1 0 0 0/0 14:33 0:00 1:01
Simon Nemec 0 0 0 -1 0 2 1 3 0 1 0/0 27:26 2:18 2:02
Thomas Bordeleau 0 0 0 -2 0 7 1 0 0 0 11/16 23:48 1:31 1:44
3 Stars
1 - Jack McBain (PHP)
2 - Jake Allen (PHP)
3 - Luca Del Bel Belluz (PHP)
Power Play
Philadelphia Phantoms - 0 on 2 Attempt(s) - 0.00%
Quebec Remparts - 0 on 2 Attempt(s) - 0.00%
Penalty Kill
Philadelphia Phantoms - 2 on 2 Attempt(s) - 100.00%
- Score 0 goal in Penalty Kill
Quebec Remparts - 2 on 2 Attempt(s) - 100.00%
- Score 0 goal in Penalty Kill
Team Stat
Philadelphia Phantoms - Hits : 33 - Faceoff Wins : 22 - Blocked Shots : 13 - Penalty Minutes : 9
Quebec Remparts - Hits : 21 - Faceoff Wins : 34 - Blocked Shots : 13 - Penalty Minutes : 9
Official
Referees : Chris Rooney and Chris Lee
Linesman : Kyle Flemington and Joseph Mahon
Game Notes
Ethan Del Mastro and Brandon Duhaime fight to a draw at 2:15 of 3rd period
Philadelphia Phantoms
5 vs 5 Forward
Center Left Wing Right Wing Time % Phy DF OF
1 Egor Afanasyev Juuso Parssinen Alex Steeves 25 0 1 4
2 Jack McBain Tye Kartye Brett Murray 25 0 2 3
3 Luca Del Bel Belluz James Malatesta Pontus Holmberg 25 0 2 3
4 Adam Klapka Brandon Duhaime Jaret Anderson-Dolan 25 0 1 4
5 vs 5 Defense
Defense Defense Time % Phy DF OF
1 William Borgen Nick Blankenburg 35 0 3 2
2 Ryan Johnson Marcus Bjork 35 0 3 2
3 Tyler Kleven Louis Crevier 30 0 3 2
4 William Borgen Nick Blankenburg 0 0 3 2
PowerPlay Forward
Center Left Wing Right Wing Time % Phy DF OF
1 Egor Afanasyev Juuso Parssinen Alex Steeves 50 0 0 5
2 Jack McBain James Malatesta Tye Kartye 50 0 0 5
PowerPlay Defense
Defense Defense Time % Phy DF OF
1 William Borgen Nick Blankenburg 50 0 1 4
2 Ryan Johnson Marcus Bjork 50 0 1 4
Penalty Kill 4 Players Forward
Center Wing Time % Phy DF OF
1 Jack McBain Pontus Holmberg 50 0 5 0
2 Adam Klapka Brandon Duhaime 50 0 5 0
Penalty Kill 4 Players Defense
Defense Defense Time % Phy DF OF
1 William Borgen Nick Blankenburg 50 0 5 0
2 Ryan Johnson Marcus Bjork 50 0 5 0
Penalty Kill - 3 Players Forward
Forward Time % Phy DF OF
1 Jack McBain 50 0 5 0
2 Pontus Holmberg 50 0 5 0
Penalty Kill - 3 Players Defense
Defense Defense Time % Phy DF OF
1 William Borgen Nick Blankenburg 50 0 5 0
2 Ryan Johnson Marcus Bjork 50 0 5 0
4 vs 4 Forward
Center Wing Time % Phy DF OF
1 Egor Afanasyev Juuso Parssinen 50 0 1 4
2 Jack McBain Tye Kartye 50 0 2 3
4 vs 4 Defense
Defense Defense Time % Phy DF OF
1 William Borgen Nick Blankenburg 50 0 3 2
2 Ryan Johnson Marcus Bjork 50 0 3 2
Last Minutes Offensive
Center Left Wing Right Wing Defense Defense
Egor Afanasyev Juuso Parssinen James Malatesta William Borgen Nick Blankenburg
Last Minutes Defensive
Center Left Wing Right Wing Defense Defense
Jack McBain Pontus Holmberg Brandon Duhaime William Borgen Nick Blankenburg
Goaltenders
Starting : Jake Allen
Backup : Dennis Hildeby
Extra Forwards
Normal : Brett Murray, Juuso Parssinen, Pontus Holmberg - PP : Brett Murray, Juuso Parssinen - PK : Jack McBain
Extra Defensemen
Normal : Tyler Kleven, William Borgen, Marcus Bjork - PP : Tyler Kleven - PK : William Borgen, Marcus Bjork
Penalty Shots
Egor Afanasyev, Alex Steeves, Juuso Parssinen, Brett Murray, Luca Del Bel Belluz
Scratches
Nils Aman (Healthy), Filip Cederqvist (Healthy), Tyrel Bauer (Healthy), Matthew Seminoff (Healthy), Ryan Hofer (Healthy)
Josh Lopina (Healthy)
Quebec Remparts
5 vs 5 Forward
Center Left Wing Right Wing Time % Phy DF OF
1 Thomas Bordeleau Paul Cotter Joshua Roy 30 1 2 2
2 Hendrix Lapierre Adam Edstrom Nick Robertson 30 1 2 2
3 Kevin Rooney Rasmus Kupari Olle Lycksell 25 1 2 2
4 Ivan Ivan Thomas Bordeleau Jakub Demek 15 1 2 2
5 vs 5 Defense
Defense Defense Time % Phy DF OF
1 Simon Nemec Jordan Spence 30 1 2 2
2 David Jiricek Brandt Clarke 30 1 2 2
3 Ryan Shea Ethan Del Mastro 25 1 2 2
4 Simon Nemec Jordan Spence 15 1 2 2
PowerPlay Forward
Center Left Wing Right Wing Time % Phy DF OF
1 Thomas Bordeleau Paul Cotter Joshua Roy 50 1 2 2
2 Hendrix Lapierre Adam Edstrom Nick Robertson 50 1 2 2
PowerPlay Defense
Defense Defense Time % Phy DF OF
1 Simon Nemec Jordan Spence 50 1 2 2
2 David Jiricek Brandt Clarke 50 1 2 2
Penalty Kill 4 Players Forward
Center Wing Time % Phy DF OF
1 Thomas Bordeleau Hendrix Lapierre 50 1 2 2
2 Paul Cotter Kevin Rooney 50 1 2 2
Penalty Kill 4 Players Defense
Defense Defense Time % Phy DF OF
1 Simon Nemec Jordan Spence 50 1 2 2
2 David Jiricek Brandt Clarke 50 1 2 2
Penalty Kill - 3 Players Forward
Forward Time % Phy DF OF
1 Thomas Bordeleau 50 1 2 2
2 Hendrix Lapierre 50 1 2 2
Penalty Kill - 3 Players Defense
Defense Defense Time % Phy DF OF
1 Simon Nemec Jordan Spence 50 1 2 2
2 David Jiricek Brandt Clarke 50 1 2 2
4 vs 4 Forward
Center Wing Time % Phy DF OF
1 Thomas Bordeleau Hendrix Lapierre 50 1 2 2
2 Paul Cotter Kevin Rooney 50 1 2 2
4 vs 4 Defense
Defense Defense Time % Phy DF OF
1 Simon Nemec Jordan Spence 50 1 2 2
2 David Jiricek Brandt Clarke 50 1 2 2
Last Minutes Offensive
Center Left Wing Right Wing Defense Defense
Thomas Bordeleau Paul Cotter Joshua Roy Simon Nemec Jordan Spence
Last Minutes Defensive
Center Left Wing Right Wing Defense Defense
Thomas Bordeleau Paul Cotter Joshua Roy Simon Nemec Jordan Spence
Goaltenders
Starting : Joseph Woll
Backup : Devon Levi
Extra Forwards
Normal : Jared Davidson, Ivan Ivan, Rasmus Kupari - PP : Jared Davidson, Ivan Ivan - PK : Rasmus Kupari
Extra Defensemen
Normal : Ryan Shea, Ethan Del Mastro, David Jiricek - PP : Ryan Shea - PK : Ethan Del Mastro, David Jiricek
Penalty Shots
Thomas Bordeleau, Hendrix Lapierre, Paul Cotter, Kevin Rooney, Joshua Roy
Scratches
Maximus Wanner (Healthy), Ethan Samson (Healthy), Avery Hayes (Healthy), Carson Golder (Healthy), Gavin White (Healthy)
Jamieson Rees (Healthy)
% Time on Ice - Philadelphia Phantoms
Lines # - Real PCT - Wanted PCT - Time Play
Normal Forward
1 - 24% - 25% - 12:20
2 - 25% - 25% - 13:02
3 - 25% - 25% - 13:07
4 - 26% - 25% - 13:35
Normal Defense
1 - 36% - 35% - 18:30
2 - 35% - 35% - 18:18
3 - 29% - 30% - 15:16
4 - 0% - 0% - 0:00
PP Forward
1 - 51% - 50% - 2:01
2 - 49% - 50% - 1:57
PP Defense
1 - 56% - 50% - 2:13
2 - 44% - 50% - 1:45
PK Forward
1 - 52% - 50% - 2:04
2 - 48% - 50% - 1:54
PK Defense
1 - 48% - 50% - 1:55
2 - 52% - 50% - 2:03
PK3 Forward
1 - 0% - 50%
2 - 0% - 50%
PK3 Defense
1 - 0% - 50%
2 - 0% - 50%
44 Forward
1 - 0% - 50%
2 - 0% - 50%
44 Defense
1 - 0% - 50%
2 - 0% - 50%
Last Minute Offensive - 0:00
Last Minute Defensive - 0:00
Total
Forward - 60:00
Defense - 60:00
|
% Time on Ice - Quebec Remparts
Lines # - Real PCT - Wanted PCT - Time Play
Normal Forward
1 - 29% - 30% - 15:08
2 - 31% - 30% - 16:16
3 - 24% - 25% - 12:39
4 - 15% - 15% - 8:01
Normal Defense
1 - 31% - 30% - 15:57
2 - 30% - 30% - 15:52
3 - 26% - 25% - 13:40
4 - 13% - 15% - 6:35
PP Forward
1 - 52% - 50% - 2:04
2 - 48% - 50% - 1:54
PP Defense
1 - 58% - 50% - 2:18
2 - 42% - 50% - 1:40
PK Forward
1 - 44% - 50% - 1:44
2 - 56% - 50% - 2:14
PK Defense
1 - 51% - 50% - 2:02
2 - 49% - 50% - 1:56
PK3 Forward
1 - 0% - 50%
2 - 0% - 50%
PK3 Defense
1 - 0% - 50%
2 - 0% - 50%
44 Forward
1 - 0% - 50%
2 - 0% - 50%
44 Defense
1 - 0% - 50%
2 - 0% - 50%
Last Minute Offensive - 0:00
Last Minute Defensive - 0:00
Total
Forward - 60:00
Defense - 60:00
|
Play-by-Play
1st period
0:01 of 1st period - Juuso Parssinen wins face-off versus Thomas Bordeleau in neutral zone.
0:11 of 1st period - Simon Nemec is hit by William Borgen and loses puck.
0:57 of 1st period - Snap shot by Kevin Rooney.
0:57 of 1st period - Shot Blocked by Ryan Johnson.
1:06 of 1st period - Icing by Jaret Anderson-Dolan.
1:07 of 1st period - Adam Klapka wins face-off versus Ivan Ivan in Philadelphia Phantoms zone.
1:14 of 1st period - Brandt Clarke is hit by Luca Del Bel Belluz and loses puck.
1:33 of 1st period - Juuso Parssinen is hit by Hendrix Lapierre and loses puck.
1:41 of 1st period - Snap shot by Louis Crevier.
1:41 of 1st period - Stopped by Joseph Woll with a rebound.
1:43 of 1st period - Wrist shot by Louis Crevier.
1:43 of 1st period - Stopped by Joseph Woll with a rebound.
1:53 of 1st period - Nick Robertson is hit by Jaret Anderson-Dolan and loses puck.
2:45 of 1st period - Slapshot by Pontus Holmberg.
2:45 of 1st period - Stopped by Joseph Woll with a rebound.
3:08 of 1st period - Icing by Joshua Roy.
3:09 of 1st period - Thomas Bordeleau wins face-off versus Alex Steeves in Quebec Remparts zone.
3:32 of 1st period - Paul Cotter is hit by Egor Afanasyev and loses puck.
3:46 of 1st period - Off-side.
3:47 of 1st period - Luca Del Bel Belluz wins face-off versus Kevin Rooney in neutral zone.
3:54 of 1st period - Slapshot by James Malatesta.
3:54 of 1st period - Stopped by Joseph Woll with a rebound.
3:56 of 1st period - Slapshot by Pontus Holmberg.
3:56 of 1st period - Shot Misses the Net.
3:58 of 1st period - Wrist shot by James Malatesta.
3:58 of 1st period - Shot Misses the Net.
4:00 of 1st period - Snap shot by James Malatesta.
4:00 of 1st period - Stopped by Joseph Woll with a rebound.
4:33 of 1st period - Snap shot by Thomas Bordeleau.
4:33 of 1st period - Stopped by Jake Allen with a rebound.
4:45 of 1st period - Backhand shot by Jack McBain.
4:45 of 1st period - Shot Blocked by Ethan Del Mastro.
5:34 of 1st period - Wrist shot by Pontus Holmberg.
5:34 of 1st period - Deflect By James Malatesta.
5:34 of 1st period - Stopped by Joseph Woll with a rebound.
5:36 of 1st period - Wrist shot by Pontus Holmberg.
5:36 of 1st period - Stopped by Joseph Woll without a rebound.
5:37 of 1st period - Paul Cotter wins face-off versus Pontus Holmberg in Quebec Remparts zone.
7:00 of 1st period - Ryan Shea is hit by Jack McBain and loses puck.
7:17 of 1st period - Backhand shot by Jaret Anderson-Dolan.
7:17 of 1st period - Shot Misses the Net.
7:19 of 1st period - Snap shot by William Borgen.
7:19 of 1st period - Deflect By Brandon Duhaime.
7:19 of 1st period - Deflect By Thomas Bordeleau.
7:19 of 1st period - Stopped by Joseph Woll with a rebound.
7:21 of 1st period - Wrist shot by Jaret Anderson-Dolan.
7:21 of 1st period - Shot Misses the Net.
7:23 of 1st period - Wrist shot by Brandon Duhaime.
7:23 of 1st period - Stopped by Joseph Woll with a rebound.
7:37 of 1st period - Nick Robertson is hit by Tyler Kleven.
8:01 of 1st period - Jack McBain is hit by Brandt Clarke and loses puck.
9:01 of 1st period - Snap shot by Egor Afanasyev.
9:01 of 1st period - Deflect By Thomas Bordeleau.
9:01 of 1st period - Shot Misses the Net.
9:01 of 1st period - Puck is out of play.
9:02 of 1st period - Thomas Bordeleau wins face-off versus Egor Afanasyev in Quebec Remparts zone.
9:13 of 1st period - Nick Blankenburg is hit by Paul Cotter and loses puck.
9:28 of 1st period - Simon Nemec is hit by Nick Blankenburg and loses puck.
9:35 of 1st period - Snap shot by Alex Steeves.
9:35 of 1st period - Stopped by Joseph Woll without a rebound.
9:36 of 1st period - Hendrix Lapierre wins face-off versus Luca Del Bel Belluz in Quebec Remparts zone.
9:36 of 1st period - Hendrix Lapierre is hit by James Malatesta.
9:48 of 1st period - Tyler Kleven is hit by Ethan Del Mastro and loses puck.
10:08 of 1st period - Ethan Del Mastro is hit by Jack McBain and loses puck.
10:23 of 1st period - Snap shot by Adam Klapka.
10:23 of 1st period - Shot Blocked by Ethan Del Mastro.
10:51 of 1st period - Snap shot by Thomas Bordeleau.
10:51 of 1st period - Shot Misses the Net.
11:52 of 1st period - Snap shot by Jaret Anderson-Dolan.
11:52 of 1st period - Shot Misses the Net.
11:54 of 1st period - Slapshot by Louis Crevier.
11:54 of 1st period - Shot Misses the Net.
12:40 of 1st period - Louis Crevier is hit by Kevin Rooney and loses puck.
13:03 of 1st period - Snap shot by Thomas Bordeleau.
13:03 of 1st period - Deflect By Jakub Demek.
13:03 of 1st period - Stopped by Jake Allen with a rebound.
13:05 of 1st period - Snap shot by Thomas Bordeleau.
13:05 of 1st period - Stopped by Jake Allen with a rebound.
13:17 of 1st period - Wrist shot by Kevin Rooney.
13:17 of 1st period - Shot Blocked by Brandon Duhaime.
13:19 of 1st period - Snap shot by Olle Lycksell.
13:19 of 1st period - Goal by Olle Lycksell - Philadelphia Phantoms : 0 - Quebec Remparts : 1.
13:20 of 1st period - Thomas Bordeleau wins face-off versus Luca Del Bel Belluz in neutral zone.
13:25 of 1st period - Snap shot by Joshua Roy.
13:25 of 1st period - Stopped by Jake Allen with a rebound.
14:00 of 1st period - David Jiricek is hit by Marcus Bjork and loses puck.
14:26 of 1st period - Off-side.
14:27 of 1st period - Thomas Bordeleau wins face-off versus Adam Klapka in neutral zone.
14:32 of 1st period - Nick Blankenburg is hit by Simon Nemec.
14:53 of 1st period - Hendrix Lapierre is hit by James Malatesta and loses puck.
14:58 of 1st period - Slapshot by Pontus Holmberg.
14:58 of 1st period - Shot Misses the Net.
15:18 of 1st period - Olle Lycksell is hit by Tyler Kleven and loses puck.
15:40 of 1st period - Off-side.
15:41 of 1st period - Hendrix Lapierre wins face-off versus Adam Klapka in neutral zone.
16:06 of 1st period - Paul Cotter is hit by James Malatesta and loses puck.
16:13 of 1st period - Snap shot by James Malatesta.
16:13 of 1st period - Stopped by Joseph Woll without a rebound.
16:14 of 1st period - Kevin Rooney wins face-off versus Jack McBain in Quebec Remparts zone.
16:14 of 1st period - Kevin Rooney is hit by Ryan Johnson.
16:28 of 1st period - Slapshot by Tye Kartye.
16:28 of 1st period - Deflect By Jack McBain.
16:28 of 1st period - Shot Misses the Net.
16:28 of 1st period - Puck is out of play.
16:29 of 1st period - Luca Del Bel Belluz wins face-off versus Thomas Bordeleau in Quebec Remparts zone.
16:30 of 1st period - Snap shot by James Malatesta.
16:30 of 1st period - Stopped by Joseph Woll with a rebound.
16:32 of 1st period - Snap shot by Nick Blankenburg.
16:32 of 1st period - Deflect By James Malatesta.
16:32 of 1st period - Stopped by Joseph Woll with a rebound.
16:42 of 1st period - Wrist shot by James Malatesta.
16:42 of 1st period - Shot Misses the Net.
17:01 of 1st period - Wrist shot by Nick Robertson.
17:01 of 1st period - Shot Misses the Net.
17:03 of 1st period - Slapshot by Simon Nemec.
17:03 of 1st period - Stopped by Jake Allen with a rebound.
17:05 of 1st period - Slapshot by Adam Edstrom.
17:05 of 1st period - Stopped by Jake Allen without a rebound.
17:06 of 1st period - Hendrix Lapierre wins face-off versus Jack McBain in Philadelphia Phantoms zone.
17:11 of 1st period - Snap shot by Nick Robertson.
17:11 of 1st period - Stopped by Jake Allen without a rebound.
17:12 of 1st period - Jack McBain wins face-off versus Hendrix Lapierre in Philadelphia Phantoms zone.
17:40 of 1st period - Snap shot by Olle Lycksell.
17:40 of 1st period - Deflect By Kevin Rooney.
17:40 of 1st period - Stopped by Jake Allen without a rebound.
17:41 of 1st period - Kevin Rooney wins face-off versus Adam Klapka in Philadelphia Phantoms zone.
17:45 of 1st period - Minor Penalty to Marcus Bjork for Charging.
17:46 of 1st period - Thomas Bordeleau wins face-off versus Jack McBain in Philadelphia Phantoms zone.
18:42 of 1st period - Tyler Kleven is hit by Adam Edstrom and loses puck.
19:32 of 1st period - Nick Blankenburg is hit by Adam Edstrom and loses puck.
19:45 of 1st period - Penalty to Marcus Bjork is over, Marcus Bjork is back on ice.
19:55 of 1st period - Tyler Kleven is hit by Brandt Clarke and loses puck.
Goals for this period are 0 for Philadelphia Phantoms vs 1 for Quebec Remparts.
Shots for this period are 13 for Philadelphia Phantoms vs 9 for Quebec Remparts.
2nd period
0:01 of 2nd period - Adam Klapka wins face-off versus Thomas Bordeleau in neutral zone.
0:11 of 2nd period - Icing by Thomas Bordeleau.
0:12 of 2nd period - Luca Del Bel Belluz wins face-off versus Thomas Bordeleau in Quebec Remparts zone.
0:13 of 2nd period - Wrist shot by James Malatesta.
0:13 of 2nd period - Stopped by Joseph Woll with a rebound.
1:10 of 2nd period - Simon Nemec is hit by Jaret Anderson-Dolan.
1:22 of 2nd period - Wrist shot by Joshua Roy.
1:22 of 2nd period - Shot Misses the Net.
1:24 of 2nd period - Wrist shot by Jordan Spence.
1:24 of 2nd period - Shot Blocked by Ryan Johnson.
1:39 of 2nd period - Paul Cotter is hit by Adam Klapka and loses puck.
2:06 of 2nd period - Snap shot by Thomas Bordeleau.
2:06 of 2nd period - Stopped by Jake Allen without a rebound.
2:07 of 2nd period - Egor Afanasyev wins face-off versus Hendrix Lapierre in Philadelphia Phantoms zone.
2:16 of 2nd period - Snap shot by Hendrix Lapierre.
2:16 of 2nd period - Stopped by Jake Allen without a rebound.
2:17 of 2nd period - Egor Afanasyev wins face-off versus Hendrix Lapierre in Philadelphia Phantoms zone.
2:17 of 2nd period - Egor Afanasyev is hit by Hendrix Lapierre.
2:25 of 2nd period - Wrist shot by Hendrix Lapierre.
2:25 of 2nd period - Stopped by Jake Allen with a rebound.
2:31 of 2nd period - Slapshot by Nick Robertson.
2:31 of 2nd period - Shot Misses the Net.
2:33 of 2nd period - Wrist shot by Hendrix Lapierre.
2:33 of 2nd period - Shot Blocked by Nick Blankenburg.
3:00 of 2nd period - Minor Penalty to Egor Afanasyev for Slashing.
3:01 of 2nd period - Adam Edstrom wins face-off versus Jack McBain in Philadelphia Phantoms zone.
4:02 of 2nd period - Jack McBain is hit by Rasmus Kupari and loses puck.
4:11 of 2nd period - Pontus Holmberg is hit by Brandt Clarke and loses puck.
5:00 of 2nd period - Penalty to Egor Afanasyev is over, Egor Afanasyev is back on ice.
7:02 of 2nd period - Ethan Del Mastro is hit by Jack McBain and loses puck.
7:15 of 2nd period - Ethan Del Mastro is hit by Tyler Kleven.
7:27 of 2nd period - Adam Edstrom is hit by Jaret Anderson-Dolan and loses puck.
7:46 of 2nd period - Joshua Roy is hit by Alex Steeves and loses puck.
7:51 of 2nd period - Slapshot by Egor Afanasyev.
7:51 of 2nd period - Stopped by Joseph Woll with a rebound.
8:00 of 2nd period - Icing by Tyler Kleven.
8:01 of 2nd period - Ivan Ivan wins face-off versus Jack McBain in Philadelphia Phantoms zone.
8:31 of 2nd period - Pontus Holmberg is hit by Olle Lycksell and loses puck.
8:42 of 2nd period - Jordan Spence is hit by Nick Blankenburg and loses puck.
9:03 of 2nd period - Snap shot by Kevin Rooney.
9:03 of 2nd period - Deflect By Olle Lycksell.
9:03 of 2nd period - Shot Misses the Net.
9:03 of 2nd period - Puck is out of play.
9:04 of 2nd period - Kevin Rooney wins face-off versus Jack McBain in Philadelphia Phantoms zone.
9:05 of 2nd period - Wrist shot by Olle Lycksell.
9:05 of 2nd period - Shot Misses the Net.
9:13 of 2nd period - Snap shot by Tye Kartye.
9:13 of 2nd period - Shot Blocked by Ryan Shea.
9:15 of 2nd period - Slapshot by Ryan Johnson.
9:15 of 2nd period - Deflect By Tye Kartye.
9:15 of 2nd period - Stopped by Joseph Woll with a rebound.
9:17 of 2nd period - Wrist shot by Jack McBain.
9:17 of 2nd period - Goal by Jack McBain - Philadelphia Phantoms : 1 - Quebec Remparts : 1.
9:18 of 2nd period - Pontus Holmberg wins face-off versus Hendrix Lapierre in neutral zone.
9:43 of 2nd period - Paul Cotter is hit by Tye Kartye and loses puck.
10:03 of 2nd period - Snap shot by Olle Lycksell.
10:03 of 2nd period - Stopped by Jake Allen with a rebound.
10:47 of 2nd period - Wrist shot by Luca Del Bel Belluz.
10:47 of 2nd period - Goal by Luca Del Bel Belluz - Philadelphia Phantoms : 2 - Quebec Remparts : 1.
10:48 of 2nd period - Luca Del Bel Belluz wins face-off versus Hendrix Lapierre in neutral zone.
11:03 of 2nd period - Snap shot by Hendrix Lapierre.
11:03 of 2nd period - Shot Misses the Net.
11:23 of 2nd period - Wrist shot by Joshua Roy.
11:23 of 2nd period - Shot Misses the Net.
12:26 of 2nd period - Brandt Clarke is hit by Luca Del Bel Belluz and loses puck.
13:32 of 2nd period - Louis Crevier is hit by Jakub Demek and loses puck.
13:47 of 2nd period - Backhand shot by Simon Nemec.
13:47 of 2nd period - Shot Misses the Net.
13:49 of 2nd period - Slapshot by Simon Nemec.
13:49 of 2nd period - Shot Blocked by Ryan Johnson.
13:51 of 2nd period - Wrist shot by Rasmus Kupari.
13:51 of 2nd period - Shot Blocked by Marcus Bjork.
14:56 of 2nd period - William Borgen is hit by Ethan Del Mastro.
15:18 of 2nd period - Ryan Shea is hit by Alex Steeves.
15:36 of 2nd period - Wrist shot by Brandon Duhaime.
15:36 of 2nd period - Deflect By Adam Klapka.
15:36 of 2nd period - Shot Misses the Net.
15:36 of 2nd period - Puck is out of play.
15:37 of 2nd period - Luca Del Bel Belluz wins face-off versus Olle Lycksell in Quebec Remparts zone.
15:52 of 2nd period - Snap shot by James Malatesta.
15:52 of 2nd period - Stopped by Joseph Woll without a rebound.
15:53 of 2nd period - Jack McBain wins face-off versus Hendrix Lapierre in Quebec Remparts zone.
16:02 of 2nd period - Slapshot by Jack McBain.
16:02 of 2nd period - Shot Blocked by Jordan Spence.
16:18 of 2nd period - William Borgen is hit by Joshua Roy and loses puck.
17:04 of 2nd period - Slapshot by Ryan Johnson.
17:04 of 2nd period - Shot Misses the Net.
17:06 of 2nd period - Snap shot by Brandon Duhaime.
17:06 of 2nd period - Shot Blocked by Adam Edstrom.
17:08 of 2nd period - Snap shot by Ryan Johnson.
17:08 of 2nd period - Shot Hit the Post.
17:10 of 2nd period - Slapshot by Marcus Bjork.
17:10 of 2nd period - Stopped by Joseph Woll with a rebound.
17:30 of 2nd period - Wrist shot by Tye Kartye.
17:30 of 2nd period - Deflect By Jack McBain.
17:30 of 2nd period - Stopped by Joseph Woll without a rebound.
17:31 of 2nd period - Thomas Bordeleau wins face-off versus Pontus Holmberg in Quebec Remparts zone.
17:38 of 2nd period - Snap shot by Thomas Bordeleau.
17:38 of 2nd period - Stopped by Jake Allen without a rebound.
17:39 of 2nd period - Thomas Bordeleau wins face-off versus Luca Del Bel Belluz in Philadelphia Phantoms zone.
17:40 of 2nd period - Backhand shot by Joshua Roy.
17:40 of 2nd period - Stopped by Jake Allen without a rebound.
17:41 of 2nd period - Thomas Bordeleau wins face-off versus Luca Del Bel Belluz in Philadelphia Phantoms zone.
17:48 of 2nd period - Wrist shot by Thomas Bordeleau.
17:48 of 2nd period - Shot Blocked by Louis Crevier.
17:50 of 2nd period - Slapshot by Jordan Spence.
17:50 of 2nd period - Shot Blocked by Louis Crevier.
18:16 of 2nd period - Snap shot by Pontus Holmberg.
18:16 of 2nd period - Shot Misses the Net.
18:18 of 2nd period - Snap shot by Tyler Kleven.
18:18 of 2nd period - Shot Misses the Net.
18:20 of 2nd period - Snap shot by Louis Crevier.
18:20 of 2nd period - Shot Misses the Net.
18:22 of 2nd period - Wrist shot by Pontus Holmberg.
18:22 of 2nd period - Stopped by Joseph Woll with a rebound.
18:26 of 2nd period - Wrist shot by Luca Del Bel Belluz.
18:26 of 2nd period - Stopped by Joseph Woll with a rebound.
18:28 of 2nd period - Slapshot by Louis Crevier.
18:28 of 2nd period - Stopped by Joseph Woll with a rebound.
19:18 of 2nd period - Slapshot by Thomas Bordeleau.
19:18 of 2nd period - Shot Misses the Net.
19:26 of 2nd period - Snap shot by Thomas Bordeleau.
19:26 of 2nd period - Shot Blocked by Luca Del Bel Belluz.
19:32 of 2nd period - Wrist shot by Joshua Roy.
19:32 of 2nd period - Shot Misses the Net.
19:39 of 2nd period - Off-side.
19:40 of 2nd period - Hendrix Lapierre wins face-off versus Egor Afanasyev in neutral zone.
19:50 of 2nd period - Icing by Ryan Johnson.
19:51 of 2nd period - Egor Afanasyev wins face-off versus Hendrix Lapierre in Philadelphia Phantoms zone.
19:58 of 2nd period - Slapshot by Marcus Bjork.
19:58 of 2nd period - Stopped by Joseph Woll with a rebound.
Goals for this period are 2 for Philadelphia Phantoms vs 0 for Quebec Remparts.
Shots for this period are 12 for Philadelphia Phantoms vs 6 for Quebec Remparts.
3rd period
0:01 of 3rd period - Jack McBain wins face-off versus Ivan Ivan in neutral zone.
0:16 of 3rd period - Snap shot by Brett Murray.
0:16 of 3rd period - Shot Misses the Net.
0:22 of 3rd period - Jack McBain is hit by Jakub Demek and loses puck.
0:49 of 3rd period - Snap shot by Jack McBain.
0:49 of 3rd period - Shot Misses the Net.
0:51 of 3rd period - Slapshot by Ryan Johnson.
0:51 of 3rd period - Deflect By Jordan Spence.
0:51 of 3rd period - Stopped by Joseph Woll with a rebound.
0:53 of 3rd period - Snap shot by Tye Kartye.
0:53 of 3rd period - Shot Misses the Net.
0:55 of 3rd period - Slapshot by Brett Murray.
0:55 of 3rd period - Stopped by Joseph Woll with a rebound.
0:57 of 3rd period - Wrist shot by Tye Kartye.
0:57 of 3rd period - Shot Blocked by Simon Nemec.
0:59 of 3rd period - Wrist shot by Tye Kartye.
0:59 of 3rd period - Shot Misses the Net.
1:01 of 3rd period - Slapshot by Brett Murray.
1:01 of 3rd period - Stopped by Joseph Woll with a rebound.
1:05 of 3rd period - Snap shot by Brett Murray.
1:05 of 3rd period - Shot Misses the Net.
1:07 of 3rd period - Slapshot by Ryan Johnson.
1:07 of 3rd period - Shot Misses the Net.
1:09 of 3rd period - Wrist shot by Marcus Bjork.
1:09 of 3rd period - Deflect By Tye Kartye.
1:09 of 3rd period - Shot Misses the Net.
1:09 of 3rd period - Puck is out of play.
1:10 of 3rd period - Hendrix Lapierre wins face-off versus Adam Klapka in Quebec Remparts zone.
1:18 of 3rd period - Wrist shot by William Borgen.
1:18 of 3rd period - Stopped by Joseph Woll with a rebound.
1:20 of 3rd period - Wrist shot by Adam Klapka.
1:20 of 3rd period - Stopped by Joseph Woll with a rebound.
1:22 of 3rd period - Snap shot by Nick Blankenburg.
1:22 of 3rd period - Shot Misses the Net.
2:06 of 3rd period - Slapshot by Brandt Clarke.
2:06 of 3rd period - Shot Misses the Net.
2:08 of 3rd period - Wrist shot by Paul Cotter.
2:08 of 3rd period - Stopped by Jake Allen without a rebound.
2:09 of 3rd period - Adam Klapka wins face-off versus Hendrix Lapierre in Philadelphia Phantoms zone.
2:15 of 3rd period - Ethan Del Mastro and Brandon Duhaime fight to a draw.
2:15 of 3rd period - Penalty to Ethan Del Mastro for Fighting.
2:15 of 3rd period - Penalty to Brandon Duhaime for Fighting.
2:16 of 3rd period - Hendrix Lapierre wins face-off versus Juuso Parssinen in Quebec Remparts zone.
2:20 of 3rd period - Icing by Simon Nemec.
2:21 of 3rd period - Hendrix Lapierre wins face-off versus Egor Afanasyev in Quebec Remparts zone.
2:39 of 3rd period - Simon Nemec is hit by William Borgen and loses puck.
3:00 of 3rd period - Slapshot by Egor Afanasyev.
3:00 of 3rd period - Deflect By Jordan Spence.
3:00 of 3rd period - Stopped by Joseph Woll without a rebound.
3:01 of 3rd period - Adam Klapka wins face-off versus Kevin Rooney in Quebec Remparts zone.
3:07 of 3rd period - Off-side.
3:08 of 3rd period - Kevin Rooney wins face-off versus Adam Klapka in neutral zone.
3:24 of 3rd period - Minor Penalty to David Jiricek for Tripping.
3:25 of 3rd period - Thomas Bordeleau wins face-off versus Egor Afanasyev in Quebec Remparts zone.
3:33 of 3rd period - Wrist shot by Egor Afanasyev.
3:33 of 3rd period - Shot Blocked by Paul Cotter.
3:35 of 3rd period - Slapshot by William Borgen.
3:35 of 3rd period - Stopped by Joseph Woll without a rebound.
3:36 of 3rd period - Paul Cotter wins face-off versus Jack McBain in Quebec Remparts zone.
3:43 of 3rd period - Snap shot by Paul Cotter.
3:43 of 3rd period - Shot Blocked by Marcus Bjork.
3:45 of 3rd period - Wrist shot by Kevin Rooney.
3:45 of 3rd period - Shot Misses the Net.
3:47 of 3rd period - Slapshot by Ryan Shea.
3:47 of 3rd period - Shot Blocked by Marcus Bjork.
3:49 of 3rd period - Slapshot by Ryan Shea.
3:49 of 3rd period - Deflect By Kevin Rooney.
3:49 of 3rd period - Shot Misses the Net.
3:49 of 3rd period - Puck is out of play.
3:50 of 3rd period - Thomas Bordeleau wins face-off versus Egor Afanasyev in Philadelphia Phantoms zone.
3:51 of 3rd period - Wrist shot by Hendrix Lapierre.
3:51 of 3rd period - Shot Misses the Net.
4:04 of 3rd period - Off-side.
4:05 of 3rd period - Paul Cotter wins face-off versus Jack McBain in neutral zone.
4:24 of 3rd period - Kevin Rooney is hit by Marcus Bjork and loses puck.
5:24 of 3rd period - Penalty to David Jiricek is over, David Jiricek is back on ice.
5:39 of 3rd period - Olle Lycksell is hit by Jaret Anderson-Dolan and loses puck.
6:17 of 3rd period - Slapshot by Thomas Bordeleau.
6:17 of 3rd period - Shot Misses the Net.
6:54 of 3rd period - William Borgen is hit by Ryan Shea and loses puck.
7:17 of 3rd period - Simon Nemec is hit by Luca Del Bel Belluz and loses puck.
7:46 of 3rd period - Icing by Jaret Anderson-Dolan.
7:47 of 3rd period - Alex Steeves wins face-off versus Hendrix Lapierre in Philadelphia Phantoms zone.
7:54 of 3rd period - Wrist shot by Nick Robertson.
7:54 of 3rd period - Stopped by Jake Allen with a rebound.
7:56 of 3rd period - Snap shot by Nick Robertson.
7:56 of 3rd period - Stopped by Jake Allen with a rebound.
7:58 of 3rd period - Snap shot by David Jiricek.
7:58 of 3rd period - Deflect By Nick Robertson.
7:58 of 3rd period - Stopped by Jake Allen with a rebound.
8:00 of 3rd period - Backhand shot by Adam Edstrom.
8:00 of 3rd period - Shot Hit the Post.
8:16 of 3rd period - Ethan Del Mastro is hit by James Malatesta and loses puck.
9:21 of 3rd period - Slapshot by Paul Cotter.
9:21 of 3rd period - Shot Misses the Net.
9:27 of 3rd period - Snap shot by Thomas Bordeleau.
9:27 of 3rd period - Stopped by Jake Allen with a rebound.
9:29 of 3rd period - Wrist shot by Thomas Bordeleau.
9:29 of 3rd period - Shot Blocked by Nick Blankenburg.
9:31 of 3rd period - Wrist shot by Paul Cotter.
9:31 of 3rd period - Stopped by Jake Allen without a rebound.
9:32 of 3rd period - Jack McBain wins face-off versus Hendrix Lapierre in Philadelphia Phantoms zone.
10:50 of 3rd period - Wrist shot by Tye Kartye.
10:50 of 3rd period - Shot Misses the Net.
10:52 of 3rd period - Wrist shot by Jack McBain.
10:52 of 3rd period - Shot Blocked by Simon Nemec.
10:54 of 3rd period - Slapshot by Marcus Bjork.
10:54 of 3rd period - Shot Blocked by Jordan Spence.
10:56 of 3rd period - Slapshot by Marcus Bjork.
10:56 of 3rd period - Shot Blocked by Rasmus Kupari.
10:58 of 3rd period - Snap shot by Brett Murray.
10:58 of 3rd period - Stopped by Joseph Woll without a rebound.
10:59 of 3rd period - Adam Klapka wins face-off versus Hendrix Lapierre in Quebec Remparts zone.
11:12 of 3rd period - Slapshot by Simon Nemec.
11:12 of 3rd period - Stopped by Jake Allen without a rebound.
11:13 of 3rd period - Ivan Ivan wins face-off versus Jack McBain in Philadelphia Phantoms zone.
11:18 of 3rd period - Slapshot by Thomas Bordeleau.
11:18 of 3rd period - Stopped by Jake Allen with a rebound.
11:38 of 3rd period - Alex Steeves is hit by Nick Robertson and loses puck.
11:51 of 3rd period - Backhand shot by Hendrix Lapierre.
11:51 of 3rd period - Stopped by Jake Allen with a rebound.
12:07 of 3rd period - Brandt Clarke is hit by Nick Blankenburg and loses puck.
12:19 of 3rd period - Off-side.
12:20 of 3rd period - Luca Del Bel Belluz wins face-off versus Thomas Bordeleau in neutral zone.
12:27 of 3rd period - Paul Cotter is hit by James Malatesta and loses puck.
12:36 of 3rd period - Wrist shot by James Malatesta.
12:36 of 3rd period - Shot Blocked by Simon Nemec.
12:46 of 3rd period - Simon Nemec is hit by Ryan Johnson and loses puck.
13:57 of 3rd period - Snap shot by Kevin Rooney.
13:57 of 3rd period - Shot Misses the Net.
13:59 of 3rd period - Wrist shot by Rasmus Kupari.
13:59 of 3rd period - Stopped by Jake Allen without a rebound.
14:00 of 3rd period - Kevin Rooney wins face-off versus Jack McBain in Philadelphia Phantoms zone.
14:33 of 3rd period - Slapshot by Ivan Ivan.
14:33 of 3rd period - Stopped by Jake Allen with a rebound.
14:45 of 3rd period - Backhand shot by Nick Robertson.
14:45 of 3rd period - Shot Blocked by William Borgen.
14:55 of 3rd period - Snap shot by Tye Kartye.
14:55 of 3rd period - Stopped by Joseph Woll with a rebound.
14:57 of 3rd period - Wrist shot by Jack McBain.
14:57 of 3rd period - Goal by Jack McBain - Philadelphia Phantoms : 3 - Quebec Remparts : 1.
14:58 of 3rd period - Hendrix Lapierre wins face-off versus Adam Klapka in neutral zone.
15:05 of 3rd period - Slapshot by Louis Crevier.
15:05 of 3rd period - Deflect By Jordan Spence.
15:05 of 3rd period - Stopped by Joseph Woll with a rebound.
15:07 of 3rd period - Snap shot by Adam Klapka.
15:07 of 3rd period - Shot Misses the Net.
15:09 of 3rd period - Wrist shot by Tyler Kleven.
15:09 of 3rd period - Shot Blocked by Jordan Spence.
15:11 of 3rd period - Slapshot by Louis Crevier.
15:11 of 3rd period - Shot Blocked by Hendrix Lapierre.
15:13 of 3rd period - Snap shot by Brandon Duhaime.
15:13 of 3rd period - Shot Misses the Net.
15:19 of 3rd period - Minor Penalty to Adam Edstrom for Hooking.
15:20 of 3rd period - Thomas Bordeleau wins face-off versus Jack McBain in Quebec Remparts zone.
15:31 of 3rd period - Wrist shot by Kevin Rooney.
15:31 of 3rd period - Stopped by Jake Allen without a rebound.
15:32 of 3rd period - Paul Cotter wins face-off versus Egor Afanasyev in Philadelphia Phantoms zone.
16:15 of 3rd period - Snap shot by Jack McBain.
16:15 of 3rd period - Shot Misses the Net.
17:19 of 3rd period - Penalty to Adam Edstrom is over, Adam Edstrom is back on ice.
17:49 of 3rd period - Wrist shot by Kevin Rooney.
17:49 of 3rd period - Stopped by Jake Allen without a rebound.
17:50 of 3rd period - Hendrix Lapierre wins face-off versus Jack McBain in Philadelphia Phantoms zone.
17:51 of 3rd period - Slapshot by Nick Robertson.
17:51 of 3rd period - Deflect By Jack McBain.
17:51 of 3rd period - Stopped by Jake Allen with a rebound.
18:15 of 3rd period - Egor Afanasyev is hit by Ivan Ivan and loses puck.
18:24 of 3rd period - Wrist shot by Thomas Bordeleau.
18:24 of 3rd period - Stopped by Jake Allen with a rebound.
18:34 of 3rd period - Slapshot by Ryan Johnson.
18:34 of 3rd period - Deflect By Ryan Shea.
18:34 of 3rd period - Stopped by Joseph Woll without a rebound.
18:35 of 3rd period - Hendrix Lapierre wins face-off versus Pontus Holmberg in Quebec Remparts zone.
18:35 of 3rd period - Hendrix Lapierre is hit by James Malatesta.
19:04 of 3rd period - Snap shot by Jaret Anderson-Dolan.
19:04 of 3rd period - Shot Misses the Net.
19:06 of 3rd period - Slapshot by Jaret Anderson-Dolan.
19:06 of 3rd period - Deflect By Adam Klapka.
19:06 of 3rd period - Shot Misses the Net.
19:06 of 3rd period - Puck is out of play.
19:07 of 3rd period - Luca Del Bel Belluz wins face-off versus Kevin Rooney in Quebec Remparts zone.
19:34 of 3rd period - Icing by Thomas Bordeleau.
19:35 of 3rd period - Ivan Ivan wins face-off versus Adam Klapka in Quebec Remparts zone.
19:40 of 3rd period - Adam Klapka is hit by Thomas Bordeleau and loses puck.
Goals for this period are 1 for Philadelphia Phantoms vs 0 for Quebec Remparts.
Shots for this period are 12 for Philadelphia Phantoms vs 15 for Quebec Remparts.
Back to the Top